Cogmind - Beta 12 @@@ ROGUE MODE // 2023.06.28 @ 00:37:37 Player: Ducky.Jr Result: Destroyed by G-47 Trooper with Particle Gun Performance ------------- Evolutions (0) 0 Regions Visited (1) 200 Robots Destroyed (2) 10 Value Destroyed (26) 26 Prototype IDs (0) 0 Alien Tech Used (0) 0 Bonus (0) 0 TOTAL SCORE: 236 Bonus ------- None Cogmind --------- Core Integrity 0/250 Matter 48/300 Energy 100/100 System Corruption 0% Temperature Cool (9) Movement Core (1350) Ox26 Location -10/Materials Parts ------- > --- POWER (1) -------- (None) > --- PROPULSION (2) --- (None) > --- UTILITY (2) ------ Huge Storage Unit > --- WEAPON (2) ------- (None) > --- INVENTORY (25) --- Small Storage Unit Hardened Light Armor Plating EM Pulse Gun Light Assault Rifle Rocket Launcher Peak State ------------ > --- POWER ------------ Ion Engine > --- PROPULSION ------- Light Treads Light Treads > --- UTILITY ---------- Small Storage Unit Hardened Light Armor Plating > --- WEAPON ----------- Light Assault Rifle Light Assault Rifle > --- INVENTORY -------- Huge Storage Unit Hardened Light Armor Plating Hardened Light Armor Plating EM Pulse Gun Rocket Launcher Rocket Launcher [Rating: 9] Favorites ----------- Power Ion Engine Engine Ion Engine Propulsion Light Treads Treads Light Treads Utility Small Storage Unit Storage Small Storage Unit Protection Hardened Light Armor Plating Weapon Light Assault Rifle Energy Gun EM Pulse Gun Ballistic Gun Light Assault Rifle Launcher Rocket Launcher Build | -11 -10 ------- Run | Jun Mat Slots Evolved . | . . Power . | . . Propulsion . | . . Utility . | . . Weapon . | . . Parts Attached 13 | 7 6 Power 1 | 1 . Engine 1 | 1 . Core . | . . Reactor . | . . Propulsion 2 | 2 . Treads 2 | 2 . Leg . | . . Wheel . | . . Hover . | . . Flight . | . . Utility 5 | 1 4 Device . | . . Storage 2 | 1 1 Processor . | . . Hackware . | . . Protection 3 | . 3 Artifact . | . . Weapon 5 | 3 2 Energy Gun 1 | 1 . Energy Cannon . | . . Ballistic Gun 3 | 2 1 Ballistic Cannon . | . . Launcher 1 | . 1 Special Weapon . | . . Impact Weapon . | . . Slashing Weapon . | . . Piercing Weapon . | . . Special Melee Weapon . | . . Unidentified Prototypes . | . . Parts Lost 6 | . 6 Power 1 | . 1 Propulsion 2 | . 2 Utility 1 | . 1 Weapon 2 | . 2 Highest Loss Streak 6 | . 6 To Critical Strikes . | . . Average Slot Usage (%) 87 | . 87 Engine 12 | . 12 Treads 26 | . 26 Storage 14 | . 14 Protection 6 | . 6 Ballistic Gun 24 | . 24 Launcher 1 | . 1 Naked Turns . | . . Heaviest Build 95 | 13 95 Greatest Support 40 | 40 40 Greatest Overweight (x) 26 | 3 26 Average Overweight (x) . | . . Largest Inventory Capacity 25 | 8 25 Average Capacity 13 | 7 14 Most Carried 6 | 1 6 Average Carried 2 | . 3 Final Capacity 25 | 8 25 Final Carried 5 | 1 5 Class Distribution -------------------- 100% | Mutant Dominant Class ---------------- Mutant | -10/Materials Resources | -11 -10 ----------- Run | Jun Mat Matter Collected 70 | 36 34 Remotely . | . . Salvage Created 81 | . 81 Parts 5 | . 5 Haulers Intercepted . | . . Recyclers Shooed 1 | . 1 Parts Field Recycled . | . . Retrieved Matter . | . . Parts Self-Destructed . | . . Prevented . | . . Kills | -11 -10 ------- Run | Jun Mat Combat Hostiles Destroyed 1 | . 1 Guns 1 | . 1 Classes Destroyed 2 | . 2 Recycler 1 | . 1 Swarmer 1 | . 1 Best Kill Streak 1 | . 1 Combat Bots Only 1 | . 1 Max Kills in Single Turn 1 | . 1 Gunslinging . | . . Exploded . | . . Melee . | . . Uniques/NPCs Destroyed . | . . Combat | -11 -10 -------- Run | Jun Mat Damage Taken 1061 | . 1061 Core 256 | . 256 Absorbed by Shields . | . . Core Remaining (%) 100 | 100 . Volleys Fired 5 | 1 4 Largest 2 | 1 2 Hottest 53 | 20 53 Shots Fired 9 | 1 8 Gun 6 | 1 5 Cannon . | . . Launcher 3 | . 3 Special . | . . Kinetic 6 | 1 5 Thermal . | . . Explosive 3 | . 3 Electromagnetic . | . . Robot Hit Streak 2 | . 2 Robot Miss Streak 2 | . 2 Penetration Max . | . . Secondary Targets . | . . Shots Hit Robots 2 | . 2 Core Hits 6 | . 6 Critical Kills . | . . Critical Parts Destroyed . | . . Critical Strikes . | . . Melee Attacks . | . . Impact . | . . Slashing . | . . Piercing . | . . Sneak Attacks . | . . Combat Hostiles . | . . Follow-up Attacks . | . . Damage Inflicted 184 | . 184 Guns 19 | . 19 Cannons . | . . Explosions 157 | . 157 Melee . | . . Ramming 8 | . 8 Kinetic 19 | . 19 Thermal . | . . Explosive 157 | . 157 Electromagnetic . | . . Impact . | . . Slashing . | . . Piercing . | . . Highest Corruption . | . . Average Corruption . | . . Corruption Purged . | . . Corruption Blocked . | . . Overload Shots . | . . Overflow Damage 1 | . 1 Projectiles . | . . Explosions 1 | . 1 Melee . | . . Knockbacks . | . . Impact . | . . Kinetic . | . . Secondary . | . . Self-Inflicted Damage . | . . Shots . | . . Rammed 4 | . 4 Targets Rammed 4 | . 4 Kicked . | . . Crushed . | . . Highest Temperature 37 | . 37 Average Temperature 16 | . 16 Received Heat Transfer 462 | . 462 Siege Activations . | . . Robots Corrupted . | . . Combat Hostiles . | . . Parts Fried . | . . Impact Corruptions . | . . Robots Melted . | . . Combat Hostiles . | . . Parts Melted . | . . Heat Transferred . | . . Parts Sabotaged . | . . Parts Stolen . | . . Parts Stripped . | . . Power Chain Reactions . | . . Missiles Intercepted . | . . Alert | -11 -10 ------- Run | Jun Mat Peak Influence 134 | . 134 Initial . | . . Average 15 | . 19 Maximum Alert Level . | . . Low Security (%) 100 | 100 100 Level 1 . | . . Level 2 . | . . Level 3 . | . . Level 4 . | . . Level 5 . | . . High Security . | . . Max Security . | . . Squads Dispatched . | . . Investigation . | . . Extermination . | . . Reinforcement . | . . Assault . | . . Garrison . | . . Intercept . | . . Searches Triggered . | . . Construction Impeded . | . . Haulers Reinforced . | . . Active Scanning Responses . | . . Cargo Convoy Interrupts . | . . Stealth | -11 -10 --------- Run | Jun Mat Distress Signals 1 | . 1 Communications Jammed . | . . Distress Signals . | . . Times Spotted 13 | . 13 Peak Tracking Total 8 | . 8 Tactical Retreats 3 | . 3 Traps | -11 -10 ------- Run | Jun Mat Traps Triggered . | . . Indirectly . | . . Trap Hack Attempts . | . . Triggered . | . . Disarmed . | . . Reprogrammed . | . . Reused . | . . Traps Extracted . | . . Installed . | . . Triggered . | . . Machines | -11 -10 ---------- Run | Jun Mat Machines Disabled 1 | . 1 Max in Single Turn 1 | . 1 Machines Repaired . | . . Machines Sabotaged . | . . Overloaded Fab Kills . | . . Hacking | -11 -10 --------- Run | Jun Mat Machines Accessed 1 | . 1 Terminals 1 | . 1 Fabricators . | . . Repair Stations . | . . Recycling Units . | . . Scanalyzers . | . . Garrison Access . | . . Total Hacks 1 | . 1 Successful 1 | . 1 Failed . | . . Catastrophic . | . . Database Lockouts . | . . Manual . | . . Terminals 1 | . 1 Fabricators . | . . Repair Stations . | . . Recycling Units . | . . Scanalyzers . | . . Garrison Access . | . . Terminal Hacks 1 | . 1 Dispatch Records 1 | . 1 Fabricator Hacks . | . . Repair Station Hacks . | . . Recycling Unit Hacks . | . . Scanalyzer . | . . Garrison Access Hacks . | . . Unauthorized Hacks . | . . Terminals . | . . Fabricators . | . . Repair Stations . | . . Recycling Units . | . . Scanalyzers . | . . Garrison Access . | . . Data Cores Recovered . | . . Used . | . . Hacking Detections . | . . Full Trace Events . | . . Feedback Events . | . . Feedback Blocked . | . . Robot Schematics Acquired . | . . Robots Built . | . . Authchips . | . . Time . | . . Total Robot Build Rating . | . . Part Schematics Acquired . | . . Parts Built . | . . Authchips . | . . Time . | . . Total Part Build Rating . | . . Parts Repaired . | . . Time . | . . Parts Recycled . | . . Recycled Matter . | . . Retrieved Matter . | . . Retrieved Components . | . . Parts Scanalyzed . | . . Part Schematics Acquired . | . . Parts Damaged . | . . Bothacking | -11 -10 ------------ Run | Jun Mat Used RIF Installer . | . . Robots Hacked . | . . Non-combat . | . . Combat . | . . Robot Hacks Applied . | . . Relay Couplers Released . | . . Fabnet Peak Effective % . | . . Robots Rewired . | . . Allies Hacked . | . . Hacks Repelled . | . . Allies | -11 -10 -------- Run | Jun Mat Total Allies . | . . Largest Group . | . . Highest-Rated Group . | . . Highest-Rated Ally . | . . Total Orders . | . . Ally Attacks . | . . Total Damage . | . . Kills . | . . Allies Corrupted . | . . Allies Melted . | . . Intel | -11 -10 ------- Run | Jun Mat Robot Analysis Total . | . . Derelict Logs Recovered . | . . Drone Launches . | . . Drone Recoveries . | . . Exploration | -11 -10 ------------- Run | Jun Mat Turns Passed 663 | 136 527 Spaces Moved 303 | 70 233 Core 20 | 19 1 Treads 283 | 51 232 Legs . | . . Wheels . | . . Hover . | . . Flight . | . . Fastest Speed 50 | 50 160 Average Speed 189 | 143 202 Slowest Speed 1350 | 200 1350 Overloaded Moves . | . . Propulsion Burnouts . | . . Robots Hopped . | . . Cave-ins Triggered . | . . Exploration Rate (%) 19 | 6 33 Regions Visited 1 Branch Regions . Pre-discovered Areas . | . . Known Exits Taken . | . . Unknown Exits Taken 1 | 1 . Scrap Searched . | . . Spaces Dug . | . . Terrain Destroyed 18 | . 18 Melee . | . . Projectile . | . . AOE 18 | . 18 Terrain Rammed . | . . Walls Destroyed . | . . Machines Disabled . | . . Actions | -11 -10 --------- Run | Jun Mat Total 378 | 102 276 Wait 38 | 23 15 Move 302 | 69 233 Hop . | . . Pick Up 10 | 2 8 Fast Attach 5 | 5 . Attach 7 | 1 6 Detach 4 | . 4 Swap 1 | 1 . Drop 2 | . 2 Fire 5 | 1 4 Melee . | . . Ram . | . . Kick . | . . Crush 4 | . 4 Escape Stasis . | . . Rewire . | . . Trap . | . . Miscellaneous . | . . Route ------- -11/Junkyard -10/Materials History --------- Turn | Location | Event 27 | -11/Junkyard | Discovered new exit (range 15) 137 | -11/Junkyard | Entered Materials 309 | -10/Materials | Build established: Mutant 645 | -10/Materials | Core integrity fell below 50% 657 | -10/Materials | Core integrity fell below 20% 664 | -10/Materials | Destroyed by G-47 Trooper with Particle Gun Last Messages --------------- 00594_ R-06 Scavenger destroyed. 00595_ U-05 Engineer lays Concrete. 00600_ S-10 Pest destroyed. 00600_ U-05 Engineer builds a Wall. 00601_ U-05 Engineer lays Concrete. 00603_ Acquired 17 matter. 00604_ U-05 Engineer builds a Wall. 00605_ U-05 Engineer lays Concrete. 00606_ Destroyed Wheel. 00614_ The unstable cave ceiling collapses. 00616_ Slammed into G-34 Mercenary. 00618_ Ion Engine destroyed. 00628_ Lgt. Treads destroyed. 00635_ Hrd. Light Armor Plating destroyed. 00637_ Lgt. Assault Rifle destroyed. 00638_ Slammed into G-34 Mercenary. 00649_ Rocket Launcher destroyed. 00651_ Lgt. Treads destroyed. 00661_ G-34 Mercenary suffers critical hit (Burn). 00661_ G-34 Mercenary destroyed. Map ----- +----------------------------------------------------+ | ?????????????????????????????????????????????????? | | ?????????????????????????????????????????????????? | | ?????????????????????????????????????????????????? | | ?????????????????????????????????????????????????? | | ?????????????????????????????????????????????????? | | ??????? ???????????????????????????????????????? | | ?????? ???????????????????????????????????????? | | ?????? ???????????????????????????????????????? | | ?????? ???????????????????????????????????????? | | #????? ???????????????????????????????????????? | | ?????# ???????????????????????????????????????? | | ????# ???????????????????????????????????????? | | ???# #??????????????????????????????????????? | | ? ??# #??????????????????????????????????????? | | ??#+### #??????????????????????????????????????? | | ??? ??????????????????????????????????????? | | ??? ??????????????????????????????????????? | | ??? ? ??????????????????????????????????????? | | ??? ??# #????????##+######?????????????????????? | | ??# #?# ########## #?????????????????????? | | ??# ### ## # #?????????????????????? | | ??# ## ## T # """ +?????????????????????? | | ??# ## ! # """ #?????????????????????? | | ??# ## * # """ #?????????????????????? | | ??# T * [[# #?????????????????????? | | ??# # ! = == + """ @ #?????????????????????? | | ###+# #%! #g""" #?????????????????????? | | # """ # """g #?????????????????????? | | ### ## """"" # %! #?????????????????????? | | #?# ## """"" # g #?????????????????????? | | ### ## """ #########?????????????????????? | | + ##########???######????????????????????? | | ### #????????????# #????????????????????? | | #?## ######????????# #????????????????????? | | #??# # #????????# #????????????????????? | | #####??# # ########## #????????????????????? | | ####???# # + + #????????????????????? | | |]]#???# # #### ## #????????????????????? | | | #???# # #??# ## #????????????????????? | | #???# # #??# ## #???################?? | | ##### # #??# ## #???# #?? | | # #??# #####+##### #?? | | ###### # #??# #?? | | #????# ######??# ########+######+#############?? | | +##????# #???????# #????# # #?????????? | | ???????# #???????# #????# # """ #?????????? | | ???????# ######### ###### #""""" #?????????? | | ???????# + #""""" #?????????? | | ???????################## #""""" #?????????? | | ????????????????????????# # """ #?????????? | +----------------------------------------------------+ Best States ------------- Heat Dissipation 25 Energy Generation 10 Energy Capacity 250 Matter Stores 136 Matter Capacity 300 Sight Range 16 Terrain Scan Density 10 Armor Coverage 150 Evasion (%) 40 Recoil Reduction 2 Item Schematics ----------------- None Robot Schematics ------------------ None Fabricated ------------ Nothing Alien Tech Used ----------------- None Achievements -------------- None Challenges ------------ None Game ------ Seed NeutronSwarmBoomstick Manual? 0 Play Time 00:12:35 Cumulative 4.4 hours Start 2023.06.28 @ 00:18:54 End 2023.06.28 @ 00:37:37 Sessions 1 Manual Loads 0 Difficulty Rogue Special Mode None Game No. 12 Rogue 12 Adventurer 0 Explorer 0 Win Type - Total 0 Types 0/0/0/0/0/0/0/0/0 Lore% 0 Gallery% 9 Achievement% 10 Wizard Run 0 Options --------- ASCII 0 Keyboard 1 Movement Numpad Keybinds 0 Fullscreen 2 Font 18/Terminus Map View 76x50 Tactical HUD 1 Map Filters NONE Filters NONE Steam 1 RUN: 4a809bff-c1e0-47ec-9b7d-51cd6ba3f9f9